 Dungeon Crawl Stone Soup version 0.31-a0-222-gefeffbb62a (webtiles) character file.

Game seed: 2275602605041385632

109 qw the Shooter (level 4, -2/36 HPs)
             Began as a Minotaur Hexslinger on July 5, 2023.
             Slain by an orc priest
             ... wielding a +0 mace
              (6 damage)
             ... on level 3 of the Dungeon.
             The game lasted 00:00:49 (2001 turns).

qw the Shooter (Minotaur Hexslinger)                Turns: 2001, Time: 00:00:50

Health: -2/36      AC:  3    Str: 13    XL:     4   Next: 60%
Magic:  4/4        EV: 12    Int: 10    God:
Gold:   21         SH:  0    Dex: 14    Spells: 4/5 levels left

rFire   . . .        Y - +2 sling
rCold   . . .        (no shield)
rNeg    + . .        d - +0 leather armour
rPois   .            (helmet restricted)
rElec   .            (no cloak)
rCorr   .            (no gloves)
SInv    .            (no boots)
Will    .....        (no amulet)
Stlth   +            g - ring of positive energy
HPRegen 0.26/turn    (no ring)
MPRegen 0.09/turn

%: no passive effects
@: no status effects
A: horns 2, retaliatory headbutt
a: no special abilities


You were on level 3 of the Dungeon.
You visited 1 branch of the dungeon, and saw 3 of its levels.

You collected 48 gold pieces.
You spent 27 gold pieces at shops.


Innate Abilities, Weirdness & Mutations

You have a pair of horns on your head.
You reflexively headbutt those who attack you in melee.


   Skills:
 + Level 2.2 Fighting
 - Level 5.1 Ranged Weapons
 - Level 2.1 Dodging
 - Level 1.0 Spellcasting
 - Level 2.0 Hexes


You had 4 spell levels left.
You knew the following spells:

 Your Spells              Type           Power      Damage    Failure   Level
a - Slow                  Hex            16%        N/A       19%         1

Your spell library contained the following spells:

 Spells                   Type           Power      Damage    Failure   Level
 Inner Flame              Hex/Fire       2%         N/A       65%         3
 Portal Projectile        Hex/Tloc       4%         N/A       65%         3
 Cause Fear               Hex            2%         N/A       88%         4

Inventory:

Hand Weapons
 Y - a +2 sling (weapon)
Armour
 d - a +0 leather armour (worn)
Jewellery
 f - a +5 ring of evasion
 g - a ring of positive energy (left hand)
Scrolls
 a - a scroll of identify
 e - a scroll of fog {unknown}
Potions
 b - a potion of haste {unknown}
 c - 2 potions of heal wounds {unknown}
 h - a potion of mutation {unknown}
 i - a potion of might {unknown}

Dungeon Overview and Level Annotations

Branches:
Dungeon (3/15)

Altars:
Hepliaklqana

Shops:
D:1 :   D:3 *


Message History

You shoot a sling bullet. The orc shouts!
The sling bullet hits the orc.
The orc is moderately wounded.
The orc barely misses you.
You shoot a sling bullet. The sling bullet hits the orc.
You kill the orc!
An orc priest comes into view. It is wielding a +0 mace.
You shoot a sling bullet.
The sling bullet barely misses the orc priest.
The orc priest shouts!
The orc priest looks encouraged for a moment.
You shoot a sling bullet.
The sling bullet closely misses the orc priest.
You shoot a sling bullet. The sling bullet barely misses the orc.
You shoot a sling bullet. The sling bullet barely misses the orc.
The orc closely misses you. You furiously retaliate!
You headbutt the orc. You shoot a sling bullet. The sling bullet hits the orc.
The orc is almost dead.
The orc priest mumbles some strange prayers to Beogh against you.
Beogh smites you! The orc hits you with a +0 hand axe.
The orc priest calls upon Beogh to heal the orc.
The orc is healed somewhat.
You shoot a sling bullet. The sling bullet hits the orc.
The orc is moderately wounded.
The orc barely misses you.
The orc priest looks encouraged for a moment.
The orc hits you but does no damage.
You shoot a sling bullet. The sling bullet hits the orc.
You kill the orc!
You shoot a sling bullet.
The sling bullet closely misses the orc priest.
The orc priest barely misses you.
You shoot a sling bullet. The sling bullet hits the orc priest!
The orc priest is heavily wounded.
The orc priest hits you with a +0 mace!
You shoot a sling bullet.
The sling bullet barely misses the orc priest.
The orc priest hits you with a +0 mace. x2
You die...

#.###.. #......
#..##.. #..##.)
#..##.. ##
#..##.. .. #
#..##..
######.#....
.......
#.###..o@....#
##..#.#
###......#######
.....
....###.........
..# #.#.#
...........#####
#.# #.#.#
######.##.# #>#
#.#.. #.##.# #.#
#.### #.##.# #.#
#.### #.##.#
##.####.#..
#.##.#
###..........


You could see an orc priest.

Vanquished Creatures
  A jelly (D:3)
  2 worms (D:2)
  A dart slug (D:2)
  3 orcs (D:3)
  13 endoplasms
  5 giant cockroaches
  3 goblins
  7 hobgoblins
  5 jackals (D:1)
  5 kobolds
  2 quokkas
  4 ball pythons
  4 bats
  3 frilled lizards
  2 rats
60 creatures vanquished.

Notes
Turn   | Place    | Note
-------+----------+-------------------------------------------
     0 | D:1      | qw the Minotaur Hexslinger began the quest for the Orb.
     0 | D:1      | Reached XP level 1. HP: 16/16 MP: 1/1
     0 | D:1      | 0 ||| qw: Version: 0.3-a-46-gb1f654a
     0 | D:1      | 0 ||| qw: Game counter: 986
     0 | D:1      | 0 ||| qw: Melee chars always use a shield: true
     0 | D:1      | 0 ||| qw: God list: Okawaru
     0 | D:1      | 0 ||| qw: Allow faded altars: false
     0 | D:1      | 0 ||| qw: Do Orc after clearing Dungeon:15 true
     0 | D:1      | 0 ||| qw: Do second Lair branch before Depths: true
     0 | D:1      | 0 ||| qw: Lair rune preference: random
     0 | D:1      | 0 ||| qw: Goals: Normal
     0 | D:1      | 0 ||| PLANNING D:1-11
    69 | D:1      | 69 ||| FLEEEEING.
    70 | D:1      | 70 ||| FLEEEEING.
    91 | D:1      | Reached skill level 3 in Ranged Weapons
    91 | D:1      | Reached XP level 2. HP: 23/23 MP: 2/2
   258 | D:1      | Found Cisue's Book Shoppe.
   319 | D:1      | Reached XP level 3. HP: 27/29 MP: 3/3
   745 | D:1      | 745 ||| UPGRADING to +0 leather armour.
   755 | D:1      | 755 ||| DROPPING +0 robe.
   756 | D:1      | 756 ||| UPGRADING to ring of positive energy.
   757 | D:1      | 757 ||| READING scroll labelled ROL XOT VEESM.
   758 | D:1      | 758 ||| READING scroll labelled RIUSUE FOXOGENLUE.
   759 | D:1      | 759 ||| DROPPING scroll of poison.
   899 | D:2      | Reached skill level 4 in Ranged Weapons
  1713 | D:2      | 1713 ||| READING scroll labelled MOKKIL QUET.
  1714 | D:2      | 1714 ||| READING scroll labelled XOAFOB HOUPNUTT.
  1823 | D:3      | Reached XP level 4. HP: 35/36 MP: 4/4
  1870 | D:3      | Found a hazy altar of Hepliaklqana.
  1911 | D:3      | Found Paawk's Assorted Antiques.
  1918 | D:3      | 1918 ||| BUYING fuming green potion (27 gold).
  1918 | D:3      | Bought a fuming green potion for 27 gold pieces
  1918 | D:3      | 1918 ||| SHOPLISTING inky potion (27 gold, have 21).
  1918 | D:3      | 1918 ||| SHOPLISTING ring mail (124 gold, have 21).
  1918 | D:3      | 1918 ||| SHOPLISTING scroll labelled QINULYX QINLUR (31
                  | gold, have 21).
  1918 | D:3      | 1918 ||| SHOPLISTING scroll labelled ZALIAWO UCSAREO (31
                  | gold, have 21).
  1918 | D:3      | 1918 ||| SHOPLISTING scroll of identify (62 gold, have 21).
  1985 | D:3      | Reached skill level 5 in Ranged Weapons
  2000 | D:3      | HP: 8/36 [orc priest/+0 mace (8)]
  2001 | D:3      | Slain by an orc priest

Levels and vault maps discovered:
D:1:      tarquinn_simple_flora_water_d, layout_loops_ring, serial_shops,
          nicolae_shop_hallway_stairs, minmay_misc_feat_enclosed
D:2:      layout_basic, serial_forest, infiniplex_forest_end_3,
          infiniplex_forest_lined_3, infiniplex_forest_lined_room_2,
          infiniplex_forest_end_2, infiniplex_forest_end_1, bh_walls_and_bars
D:3:      layout_loops_ring, mainiacjoe_overflow_cross_hatched, serial_shops,
          nicolae_shop_statue_plus, nicolae_shop_pleasant_corner_grove,
          nicolae_shop_tiny_glass, nicolae_shop_overgrown_old_shop,
          nicolae_lakefront_shop, serial_rivers, chequers_serial_rivers_room_b,
          chequers_serial_rivers_large_a, chequers_serial_rivers_micro_b,
          chequers_serial_rivers_large_b, chequers_serial_rivers_micro_d,
          chequers_serial_rivers_micro_c

Skill      XL: |  1  2  3  4 |
---------------+-------------+-----
Ranged Weapons | 3 4 5 |  5.1
Fighting       | 2 |  2.2
Dodging        | |  2.1
Spellcasting   | |  1.0
Hexes          | |  2.0

Action                     |  1- 3 |  4- 6 || total
---------------------------+-------+-------++-------
   Fire: Sling             |   157 |    33 ||   190
    Use: Scroll            |     4 |       ||     4
 Armour: Robe              |     4 |       ||     4
         Leather armour    |     3 |     2 ||     5
  Dodge: Dodged            |    37 |     5 ||    42

Table legend:
 A = Non-vault XP
 B = Vault XP
 C = Vault XP percentage of total XP
 D = Non-vault monster count
 E = Vault monster count
 F = Vault count percentage of total count
                 A         B        C        D         E       F
            +---------+---------+-------+---------+---------+-------
      Total |     157 |       0 |   0.0 |      60 |       0 |   0.0
            +---------+---------+-------+---------+---------+-------
        D:1 |      54 |       0 |   0.0 |      29 |       0 |   0.0
        D:2 |      42 |       0 |   0.0 |      21 |       0 |   0.0
        D:3 |      61 |       0 |   0.0 |      10 |       0 |   0.0
            +---------+---------+-------+---------+---------+-------
